 Dungeon Crawl Stone Soup version 0.21-a0-509-gecc5317 (webtiles) character file.

36 slep the Chopper (level 3, -3/27 HPs)
             Began as a Demonspawn Gladiator on Nov 30, 2017.
             Killed by nerve-wracking pain
             ... invoked by Jessica
              (11 damage)
             ... on level 2 of the Dungeon.
             The game lasted 00:02:32 (980 turns).

slep the Chopper (Demonspawn Gladiator)              Turns: 980, Time: 00:02:33

Health: -3/27      AC:  3    Str: 15    XL:     3   Next: 19%
Magic:  3/3        EV: 13    Int:  9    God:
Gold:   56         SH:  0    Dex: 14    Spells: 2/2 levels left

rFire    . . .     SeeInvis .   a - +0 war axe
rCold    . . .     Gourm    .   (no shield)
rNeg     . . .     Faith    .   b - +0 leather armour
rPois    .         Spirit   .   (helmet restricted)
rElec    .         Reflect  .   (no cloak)
rCorr    .         Harm     .   (no gloves)
MR       .....                  (no boots)
Stlth    ++........             (no amulet)
HPRegen  0.09/turn              (no ring)
MPRegen  0.08/turn              (no ring)

@: no status effects
A: horns 1, nightstalker 1
a: no special abilities


You were on level 2 of the Dungeon.
You were not hungry.

You visited 1 branch of the dungeon, and saw 2 of its levels.

You collected 56 gold pieces.

Inventory:

Hand Weapons
 a - a +0 war axe (weapon)
Missiles
 d - 3 throwing nets (quivered)
Armour
 b - a +0 leather armour (worn)
 c - a +0 helmet
Scrolls
 e - a scroll of teleportation {unknown}
 g - 4 scrolls of identify {unknown}
 k - a scroll of remove curse {unknown}
Potions
 i - a potion of haste {unknown}
 j - a potion of lignification {unknown}
Comestibles
 f - a bread ration


   Skills:
 + Level 2.3 Fighting
 + Level 3.3 Axes
 + Level 1.9 Throwing
 + Level 3.0 Dodging
 + Level 0.4 Stealth


You had 2 spell levels left.
You didn't know any spells.

Dungeon Overview and Level Annotations

Branches:
Dungeon (2/15)

Altars:

Annotations:
D:2 Jessica


Innate Abilities, Weirdness & Mutations

You have a pair of small horns on your head.
You are slightly more attuned to the shadows.


Message History

You slash the worm!
The worm is severely wounded.
The worm bites you!
* * * LOW HITPOINT WARNING * * *
You slash the worm!
You kill the worm!
You open the door.
A hobgoblin comes into view.
The hobgoblin shouts!
Found 21 stones.
Jessica the Apprentice Sorceress comes into view.
She is wielding a dagger.
There is an open door here.
The hobgoblin misses you.
Found 15 stones.
Jessica shouts!
You slash the hobgoblin!
You kill the hobgoblin!
Jessica casts a spell at you. Pain shoots through your body!
You die...

# # .#.# #. # ##+#
#.#.###.# # #...#
#....##.# # .....#
#.....#.# # ....@.##
##.....#.# #
.......####...##.#.####
.....†@'...............
.......####........####
≈^^..^§^ ##.###.###
##(^..^.# ### #.#
^≈≈^.§≈.^ ..#
###....... #.##
≈^.^^(.^ #. #.


You could see Jessica.

Vanquished Creatures
  An adder (D:2)
  An ooze (D:1)
  A worm (D:2)
  A dart slug (D:1)
  A ball python (D:2)
  5 goblins
  2 hobgoblins
  2 bats (D:1)
  A frilled lizard (D:1)
  4 kobolds (D:1)
  A rat (D:1)
20 creatures vanquished.

Notes
Turn   | Place    | Note
-------+----------+-------------------------------------------
     0 | D:1      | slep the Demonspawn Gladiator began the quest for the Orb.
     0 | D:1      | Reached XP level 1. HP: 16/16 MP: 1/1
   178 | D:1      | Gained mutation: You have a pair of small horns on your head. [demonic ancestry]
   178 | D:1      | Reached XP level 2. HP: 15/22 MP: 2/2
   905 | D:2      | HP: 1/22 [adder (3)]
   910 | D:2      | Gained mutation: You are slightly more attuned to the shadows. [demonic ancestry]
   910 | D:2      | Reached XP level 3. HP: 10/27 MP: 3/3
   922 | D:2      | HP: 1/27 [poisoned by an adder]
   978 | D:2      | Noticed Jessica
   980 | D:2      | Killed from afar by Jessica

Vault maps used:
D:1:      minmay_arrival_nine_rooms, minmay_misc_feat_tiny
D:2:      grunt_qazlal_sundering, first_bread, minmay_tripent, uniq_jessica

Skill      XL: |  1  2 |
---------------+-------+-----
Axes           | 3 |  3.3
Dodging        | 3 |  3.0
Fighting       | |  2.3
Throwing       | |  1.9
Stealth        | |  0.4

Action                   || total
-------------------------++-------
Melee: War axe           ||    46
       Headbutt          ||     5
  Use: Potion            ||     2
 Stab: Distracted        ||     1
Armor: Leather armour    ||    16
Dodge: Dodged            ||    38

Table legend:
 A = Spawn XP
 B = Non-spawn XP
 C = Spawn XP percentage of total XP
 D = Spawn monster count
 E = Non-spawn monster count
 F = Spawn count percentage of total count
 G = Total turns spent on level
                    A         B        C        D         E        F      G
               +---------+---------+-------+---------+---------+-------+---------
         Total |       0 |      52 |   0.0 |       0 |      20 |   0.0 |   980
               +---------+---------+-------+---------+---------+-------+---------
           D:1 |       0 |      28 |   0.0 |       0 |      15 |   0.0 |   863
           D:2 |       0 |      24 |   0.0 |       0 |       5 |   0.0 |   117
               +---------+---------+-------+---------+---------+-------+---------
